[Event "Charlotte GM-A May 2022"]
[Site "Charlotte"]
[Date "2022.05.07"]
[Round "5.1"]
[White "Williams, Justus"]
[Black "Korley, Kassa"]
[Result "1-0"]
[ECO "E14"]
[WhiteElo "2417"]
[BlackElo "2413"]
[Annotator "TA"]
[PlyCount "125"]
[EventDate "2022.05.04"]
[EventType "tourn"]
[EventCountry "USA"]
[SourceTitle "playchess.com"]
[Source "ChessBase"]
[SourceQuality "1"]
[TimeControl "5400+30"]

1. Nf3 d5 2. e3 Nf6 3. c4 e6 4. b3 Be7 5. Bb2 O-O 6. Nc3 dxc4 7. bxc4 c5 8. d4 cxd4 9. exd4 b6 10. Bd3 Bb7 11. O-O Nc6 12. Rc1 a6 {[%emt 0:09:58] E14: Queen's Indian: Classical Variation (4 e3).} 13. Bb1 {[%emt 0:07:30] [#]} Na5 $146 ({Predecessor:} 13... Rc8 14. d5 Na5 15. dxe6 Qxd1 16. exf7+ Rxf7 17. Rfxd1 Nxc4 18. Ba1 Bc5 19. Na4 Ba3 {0-1 (45) Schwark,M (1809)-Raasch,J (2095) Cologne 2004}) 14. Qd3 (14. Ne5 $11 {keeps the balance.}) 14... b5 (14... Bxf3 $17 15. gxf3 b5 16. cxb5 axb5 17. Nxb5 g6) 15. cxb5 $11 Bxf3 16. gxf3 ({Better is} 16. Qxf3 $11 Nc4 17. Rc2) 16... axb5 $15 17. Nxb5 g6 18. Rfe1 Nd5 {[%emt 0:00:19][%mdl 1024] Black has strong compensation.} 19. Re4 (19. f4 $17) 19... Bg5 $1 $19 20. Rce1 Bf4 21. Qf1 Rc8 (21... Qh4 $2 22. Qg2) 22. Ba3 Qh4 $1 23. Qg2 Rfd8 24. Bd6 Qh6 25. Bxf4 Nxf4 26. Qg3 Nh5 {[%emt 0:01:29] Pair of Knights!} 27. Qh4 Nc4 28. Na7 $2 (28. a4 $17) 28... Nd2 29. R4e3 {[%emt 0:01:10] [#]} g5 $2 (29... Rxd4 $3 $19 30. Qxd4 Qg5+ 31. Kh1 Nf4 $1 32. Qxf4 Qxf4 33. Nxc8 Nxf3 34. Ne7+ Kg7 35. Rxf3 Qxf3+ 36. Kg1 Qg4+ 37. Kf1 Qc4+ 38. Re2 Qb4) 30. Qh3 $17 Rc4 31. Nb5 Nxb1 32. Rxb1 Qg6 33. Qf1 Rc2 34. Ra1 (34. Nc3 $17 {is a better defense.}) 34... Nf4 $19 35. Kh1 Qh5 $1 {[%emt 0:00:00] And now ...Nh3 would win.} 36. Nc3 Rxd4 37. Ne4 {[%emt 0:00:12] aiming for Nf6+.} Qh4 38. Qb1 Rc8 (38... Rdc4 $19 {and Black stays clearly on top. White must now prevent ...Qh3.} 39. Qg1 h6) 39. a4 $2 (39. Qb5 $17) 39... Rcd8 $2 (39... Qh3 40. Qg1 h6 41. Qg3 $19) (39... f5 $1 $19 {[%cal Rf5e4] has better winning chances.} 40. Ng3 Rd2) 40. Qg1 $17 h6 {[%emt 0:00:38] Threatens to win with ...f5.} 41. a5 Qh3 (41... f5 $15 42. Nc3 Rd2) 42. Qg3 (42. Qg4 $1 $11) 42... Ra4 43. Ree1 $11 Rxa1 44. Rxa1 Qf5 {[%emt 0:00:20] Hoping for ...Ne2.} 45. h4 Qe5 46. Rc1 {[%emt 0:01:04] [#]} (46. Rb1 $1 $11) 46... Qb2 ({But not} 46... Qxa5 $6 47. hxg5 hxg5 48. Nxg5 $11) (46... f6 $1 $17 {Strongly threatening ...Kf7.} 47. a6 Ra8) 47. Rg1 $132 {[%emt 0:00:12][%mdl 2048] Qxf4 is the strong threat. White is not keeping still} Ne2 48. Qc7 Qd4 49. Rg4 (49. Re1 $11 Nf4 50. hxg5 hxg5 51. Kg1 (51. Nxg5 Qh8+ 52. Kg1 Qf6 $11) (51. Qe7 Rd5 $11)) 49... Qd3 $4 (49... f5 $2 {[#]} 50. Nxg5 $1 Qd7 51. Nxe6+ fxg4 52. Qxd8+ Qxd8 53. Nxd8 $18) (49... Qa1+ $19 50. Kh2 Rd1) 50. Kh2 $18 {[%emt 0:00:40] White is clearly winning.} Nf4 51. Qxf4 f5 52. Rg3 fxe4 53. hxg5 {[%emt 0:00:03][%mdl 4096] Endgame KQR-KQR} h5 54. g6 {[%emt 0:00:22] Intending Qf7+ and mate.} Qd7 {[%emt 0:00:26] Prevents Qf7+.} 55. g7 Qd2 56. Qxe4 Qd6 57. f4 h4 58. Rg4 Qd5 59. Qe5 Ra8 60. Qf6 Qf5 61. Qxh4 {[%emt 0:00:06] Qh8+ would kill now.} Kf7 62. g8=Q+ Rxg8 63. Rxg8 {[%emt 0:00:00] Weighted Error Value: White=0.57/Black=0.49} 1-0

[Event "Charlotte GM-A May 2022"]
[Site "Charlotte"]
[Date "2022.05.07"]
[Round "5.2"]
[White "Sheng, Joshua"]
[Black "Stremavicius, Titas"]
[Result "1/2-1/2"]
[ECO "B45"]
[WhiteElo "2487"]
[BlackElo "2508"]
[Annotator "TA"]
[PlyCount "57"]
[EventDate "2022.05.04"]
[EventType "tourn"]
[EventCountry "USA"]
[SourceTitle "playchess.com"]
[Source "ChessBase"]
[SourceQuality "1"]
[TimeControl "5400+30"]

1. e4 c5 2. Nf3 Nc6 3. d4 cxd4 4. Nxd4 Nf6 5. Nc3 e6 6. Nxc6 bxc6 7. e5 Nd5 8. Ne4 Qc7 9. f4 Qa5+ 10. Bd2 Qb6 11. Bd3 Be7 (11... Nb4 $5 ) 12. Qe2 {[%emt 0:00:23] B45: Sicilian Four Knights.} f5 13. exf6 Nxf6 14. Bc3 O-O 15. Nxf6+ (15. Rf1 {is more complex.} Nd5 16. Be5 Nb4 17. O-O-O) 15... Bxf6 16. Bxf6 (16. Qe4 Bxc3+ 17. bxc3 Rf5 $15) 16... Rxf6 17. O-O-O d5 18. g3 {[%emt 0:06:23] [#]} ({Don't play} 18. Qh5 Qe3+ 19. Kb1 g6 $11) 18... Bd7 $146 ({Predecessor:} 18... Bb7 19. g4 Qc7 20. Rdf1 Qf7 21. Qe5 Rf8 22. Rf3 Rxf4 23. Bf5 Rxf5 24. gxf5 exf5 {1-0 (45) Gebur,T (2360)-Troia,E (2275) ICCF email 2014}) 19. Qe5 Qb8 20. Rhe1 Be8 21. Qc3 {[%emt 0:06:57] White is more active.} a5 22. Re5 Qb4 23. Qe1 Rb8 24. b3 Bd7 25. Kb2 h6 26. h4 Kf8 27. Bf1 (27. c4 $5) 27... Qxe1 28. Rdxe1 Ke7 29. Bd3 {[%emt 0:09:40] Weighted Error Value: White=0.06 (flawless) /Black=0.07 (flawless)} 1/2-1/2

[Event "Charlotte GM-A May 2022"]
[Site "Charlotte"]
[Date "2022.05.07"]
[Round "5.3"]
[White "Liang, Jason"]
[Black "Song, Micheal"]
[Result "1-0"]
[ECO "A80"]
[WhiteElo "2432"]
[BlackElo "2408"]
[Annotator "TA"]
[PlyCount "69"]
[EventDate "2022.05.04"]
[EventType "tourn"]
[EventCountry "USA"]
[SourceTitle "playchess.com"]
[Source "ChessBase"]
[SourceQuality "1"]
[TimeControl "5400+30"]

1. d4 f5 2. Nc3 Nf6 3. Bf4 d6 4. Qd3 g6 {[%emt 0:05:51] [#]} 5. e4 $146 ({Predecessor:} 5. O-O-O Bg7 6. h4 c6 7. e4 b5 8. a3 a5 9. e5 dxe5 10. Bxe5 b4 11. Na4 {1-0 (49) Wochnik,M (2135)-Thorn Leeson,J (2162) ICCF email 2003}) 5... Bg7 6. O-O-O {[%emt 0:04:38] A80: Dutch Defence: Unusual White second moves.} fxe4 7. Nxe4 Nxe4 8. Qxe4 {[%emt 0:00:07] White is slightly better.} Nd7 9. Bc4 c6 {[%emt 0:06:04] ...d5 is the strong threat.} 10. Qe2 {[%emt 0:03:21] Hoping for Bxd6.} (10. Qe6 $2 Ne5 $1 11. dxe5 Bxe6 $19) (10. Bxd6 $2 Nf6 11. Qxe7+ Qxe7 12. Bxe7 Kxe7 $19) 10... d5 11. Bd3 O-O 12. Bg3 Qb6 13. Nf3 Rxf3 14. Qxf3 Qxd4 15. c3 $36 {[%emt 0:00:22][%mdl 2048] White is on the roll. Active counter play!} Qc5 16. Bc2 e5 $1 17. Qg4 (17. Rhe1 $14) 17... Qf8 18. Kb1 Nb6 $1 19. Qe2 Nc4 20. Rhe1 b5 21. Bd3 (21. Bb3 $11) 21... Bf5 $15 22. Bxf5 ({White should try} 22. f3 $1 $15) 22... Qxf5+ (22... gxf5 $17 23. a3 a5) 23. Qc2 $11 {[%emt 0:00:44] And now Qxf5 would win.} Qf8 24. Re2 (24. f3 $11) 24... a5 (24... e4 $1 $17) 25. f3 b4 26. cxb4 axb4 27. Qb3 Qc5 28. Be1 Rb8 (28... Bf8 $11) 29. a4 (29. a3 $14) 29... Qa7 {[%emt 0:00:00][%cal Oc4a3][%mdl 1024] Black has compensation.} 30. Bg3 ({Avoid the trap} 30. Bxb4 $2 Bf8 31. Qxc4 dxc4 $19) (30. Rc1 $11) 30... Qa6 ({Better is} 30... Rb7 $15) 31. Rde1 {[%emt 0:02:17] [#]} (31. Rc2 $1 $11) 31... Rb7 $1 $17 32. h4 Na5 $2 {[%emt 0:00:00] [#]} (32... c5 $17 {keeps the pressure on.}) 33. Qd1 $1 $16 b3 $2 (33... Nc4 $16 {was necessary.} 34. b3 (34. Bxe5 Nxe5 35. Rxe5 Bxe5 $15) 34... Na3+ 35. Kc1 (35. Ka2 Nb5 $17) 35... e4) 34. Bxe5 $18 Rb4 $2 (34... Bxe5 35. Rxe5 Qc4) 35. Bd6 {[%emt 0:13:04] Weighted Error Value: White=0.33/Black=0.39} 1-0

[Event "Charlotte GM-A May 2022"]
[Site "Charlotte"]
[Date "2022.05.07"]
[Round "5.4"]
[White "Ostrovskiy, Aleksandr"]
[Black "Spicha, K. Alexander"]
[Result "1/2-1/2"]
[ECO "B48"]
[WhiteElo "2397"]
[BlackElo "2083"]
[Annotator "TA"]
[PlyCount "53"]
[EventDate "2022.05.04"]
[EventType "tourn"]
[EventCountry "USA"]
[SourceTitle "playchess.com"]
[Source "ChessBase"]
[SourceQuality "1"]
[TimeControl "5400+30"]

1. e4 c5 2. Nf3 e6 3. d4 cxd4 4. Nxd4 Nc6 5. Nc3 Qc7 6. Be3 a6 7. g4 {[%emt 0:01:29] B48: Sicilian: Taimanov: 5 Nc3 Qc7 6 Be3 a6 without Be2.} b5 8. Nxc6 Qxc6 9. Qd2 b4 10. Ne2 Qxe4 11. Rg1 Qc4 12. Nf4 Qc7 13. O-O-O Nf6 14. Nh5 Nxh5 (14... Qxh2 $2 15. Bg2 Nxg4 16. Bxa8 Nxe3 17. fxe3 (17. Nxg7+ Bxg7 18. fxe3 Qxd2+ 19. Rxd2 Bh6 $11) 17... Qxd2+ 18. Kxd2 $18) 15. gxh5 Bb7 (15... Qxh2 $2 16. Bg2 Qb8 17. Bf4 $18 (17. Bxa8 Qxa8 18. h6 g6 $16)) 16. Bf4 {[%emt 0:17:37][%mdl 1024] White has compensation.} Qc6 17. Be5 Rg8 $1 18. Bd3 {[%emt 0:24:52] [#]} Qd5 $146 ({Predecessor:} 18... f5 19. Kb1 a5 20. h6 g6 21. h4 Ba6 22. Bf4 Bxd3 23. Qxd3 Be7 24. Bg5 Bxg5 25. hxg5 {1-0 (39) Ali Marandi,C (2542)-Maiti,M (2395) Charlotte 2021}) 19. Kb1 Qxe5 $15 20. Bxh7 {[%emt 0:01:52][%csl Gd1][%cal Rd2d7][%mdl 64] [#] Discovered Attack} Bc6 21. Rg5 $1 ({Reject} 21. Bxg8 Qxh5 22. Qd3 Qh8 $17) 21... Qxh2 {[%emt 0:00:00] Strongly threatening ...Rh8.} 22. Bxg8 f6 $1 23. Rgg1 Qxh5 {[%emt 0:00:00] aiming for ...Qh8.} 24. Rh1 Qxh1 (24... Qd5 $5 25. Qf4 Qe5 $11) 25. Rxh1 {[%emt 0:00:05] The position is equal.} Bxh1 26. Bh7 {[%emt 0:00:15] Against Be4} Bc6 27. Bg6+ {[%emt 0:01:58] Weighted Error Value: White=0.11 (very precise) /Black=0.05 (flawless)} 1/2-1/2

[Event "Charlotte GM-A May 2022"]
[Site "Charlotte"]
[Date "2022.05.07"]
[Round "6.2"]
[White "Spicha, K. Alexander"]
[Black "Belous, Vladimir"]
[Result "1/2-1/2"]
[WhiteElo "2083"]
[BlackElo "2525"]
[Annotator "TA"]
[PlyCount "38"]
[EventDate "2022.05.04"]
[EventType "tourn"]
[EventCountry "USA"]
[SourceTitle "playchess.com"]
[Source "ChessBase"]
[SourceQuality "1"]
[TimeControl "5400+30"]

1. d4 Nf6 2. Nf3 g6 3. c4 Bg7 4. Nc3 O-O 5. e4 d6 6. Be2 e5 7. dxe5 dxe5 8. Qxd8 {[%emt 0:00:06] [#]} ({Don't play} 8. Nxe5 Qxd1+ 9. Bxd1 {[#]} Nxe4 $1 10. Nxe4 Bxe5 $15) {Predecessor:} 8... Rxd8 $146 {E92: King's Indian: Classical: 6 Be2 e5: 7 dxe5, 7 Be3 and Petrosian System without 7...Nbd7.} 9. Bg5 Na6 10. Nd5 Rd6 11. Bxf6 Bxf6 12. O-O-O Bg4 13. b4 c6 14. c5 cxd5 15. cxd6 dxe4 16. Ng1 Bxe2 17. Nxe2 Nxb4 18. Kb1 Nd3 19. Rhf1 Rd8 {1-0 (86) Karjakin,S (2743)-Firouzja,A (2804) Warsaw 2021} 1/2-1/2

[Event "Charlotte GM-A May 2022"]
[Site "Charlotte"]
[Date "2022.05.07"]
[Round "6.3"]
[White "Song, Micheal"]
[Black "Ostrovskiy, Aleksandr"]
[Result "1-0"]
[ECO "E48"]
[WhiteElo "2408"]
[BlackElo "2397"]
[Annotator "TA"]
[PlyCount "113"]
[EventDate "2022.05.04"]
[EventType "tourn"]
[EventCountry "USA"]
[SourceTitle "playchess.com"]
[Source "ChessBase"]
[SourceQuality "1"]
[TimeControl "5400+30"]

1. d4 Nf6 2. c4 e6 3. Nc3 Bb4 4. e3 O-O 5. Bd3 d5 6. cxd5 exd5 7. a3 Bd6 8. Nge2 Re8 {[%emt 0:02:07] E48: Nimzo-Indian: Rubinstein: 5 Bd3 d5 including 6 Ne2, but excluding 6 a3.} 9. Qc2 c6 10. Bd2 Nbd7 {[%emt 0:00:46] The position is equal.} 11. f3 c5 12. h4 a6 {[%emt 0:06:52] [#]} 13. h5 $146 ({Predecessor:} 13. O-O-O b5 14. g4 b4 15. axb4 cxb4 16. Na4 Bb7 17. Kb1 Rc8 18. Qb3 Qa5 19. Qa2 {0-1 (33) Predke,A (2682)-Petrosyan,M (2620) Warsaw 2021}) 13... Nf8 ({Black should try} 13... h6 $11) 14. g4 Ne6 15. dxc5 Bxc5 16. O-O-O $1 Bd7 17. f4 {[%emt 0:14:16] And now g5 would win.} Nxg4 (17... Rc8 $1 $11) 18. Bxh7+ $18 Kf8 19. h6 (19. Nxd5 $6 Rc8 $16) 19... Nxh6 (19... Rc8 $142) 20. Nxd5 Bc6 {[%emt 0:09:33] [#]} (20... Ba4 $142 21. Qxa4 Qxd5) 21. Bc3 $1 Bxd5 $16 22. e4 Bxe4 (22... Be3+ $2 23. Kb1 Ba2+ 24. Kxa2) (22... Bb3 $16 23. Qxb3 (23. Rxd8 Bxc2 24. Rxa8 Rxa8 $16) 23... Qb6 24. Qxb6 Bxb6) 23. Bxe4 $18 (23. Qxe4 Qb6 24. Qg2 Rad8 $11) 23... Qb6 24. f5 $1 {[%emt 0:01:12][%mdl 1024] White has strong compensation.} Ng5 25. Bd5 {[%emt 0:01:13][%cal Of5f6] A strong pair of Bishops.} Be7 {[%emt 0:02:21] Prevents f6.} (25... Be3+ 26. Kb1 Nh7) 26. Nf4 $2 (26. Bd4 $18 Qd8 27. Qc3 $1) 26... Rac8 $16 27. Nh5 {[%emt 0:03:50] Strongly threatening Kb1.} Qe3+ 28. Kb1 Rxc3 29. bxc3 (29. Qxc3 $16 Qxc3 30. bxc3) 29... Rc8 (29... Qe5 $14) 30. f6 (30. c4 $1 $18 {has better winning chances. Qb2 is the strong threat.} Bd6 31. Qb2 (31. Bxb7 Rb8 $16)) 30... Bxf6 $2 (30... gxf6 $16 31. Rd3 Qe5) 31. Nxf6 $18 {[%emt 0:00:17] Really sharp!} Qb6+ 32. Qb2 Qxf6 33. Qxb7 $40 {[%emt 0:01:14][%mdl 128] White wants a kill.} Qxc3 {[%emt 0:01:04] [#]} (33... Rd8 34. Bb3 Rxd1+ 35. Bxd1 (35. Rxd1 g6 $16) 35... Qe7) 34. Bb3 $2 (34. Bc6 $1 $18 {[%mdl 512] is the precise move to win.} Qxc6 35. Rd8+ $3 Rxd8 36. Qxc6) 34... Re8 (34... Qc5 $16 {might work better.}) 35. Rh4 $2 (35. Ba4 $1 $18 {[%cal Ra4e8] and the rest is easy.} Qc8 36. Qb4+ Kg8 37. Bxe8 Qxe8 38. Qc4) 35... Qf6 36. Qb4+ Kg8 37. Qd4 {[%emt 0:01:00] Black must now prevent Qxf6.} Qg6+ {[%emt 0:00:35] [#]} 38. Bc2 $1 Rb8+ 39. Kc1 {[%emt 0:00:09] Active counter play!} Qe6 {[%emt 0:00:30][%mdl 8192] [#]} (39... Rc8 $2 {[#]} 40. Qd8+ $3 Rxd8 41. Rxd8+ Kh7 42. Bxg6+ fxg6 43. Ra8 $18) (39... f5 $16) 40. Qd8+ $1 Qe8 41. Qxe8+ $2 (41. Qxg5 f6 42. Qd5+ Qf7 43. Qd6) 41... Rxe8 42. Ra4 f5 (42... Ne6 $16 43. Rxa6 Ng4) 43. Rd5 Ne4 (43... Ne6 $142 44. Re5 (44. Rxa6 Nc7 $11) (44. Bxf5 Nxf5 45. Rxf5 Rc8+ 46. Kd2 Rc6 $18) 44... Kf7 45. Bxf5 (45. Rxa6 Kf6 $18) 45... Nxf5) 44. Rxa6 Nc3 45. Rda5 f4 $2 (45... Ne2+ 46. Kd2 Nd4) 46. Ra8 Rxa8 47. Rxa8+ {[%emt 0:00:00][%mdl 4096] Endgame KRB-KNN} Kf7 48. Kd2 Nb5 49. a4 Nd4 50. Be4 {[%emt 0:00:00] Hoping for Kd3.} Ng4 51. Kd3 Ne6 52. Bd5 Ne3 53. Ra7+ {[%emt 0:00:00] White mates.} Kf6 54. Bxe6 Kxe6 55. Rxg7 Nd5 56. a5 Ke5 57. Ke2 {[%emt 0:00:00] Weighted Error Value: White=0.63/Black=0.76} 1-0

[Event "Charlotte GM-A May 2022"]
[Site "Charlotte"]
[Date "2022.05.07"]
[Round "6.4"]
[White "Stremavicius, Titas"]
[Black "Liang, Jason"]
[Result "1/2-1/2"]
[ECO "A13"]
[WhiteElo "2508"]
[BlackElo "2432"]
[Annotator "TA"]
[PlyCount "178"]
[EventDate "2022.05.04"]
[EventType "tourn"]
[EventCountry "USA"]
[SourceTitle "playchess.com"]
[Source "ChessBase"]
[SourceQuality "1"]
[TimeControl "5400+30"]

1. c4 e6 2. g3 d5 3. Nf3 dxc4 4. Qa4+ Nd7 5. Bg2 a6 6. Qxc4 b5 7. Qb3 {[%emt 0:00:07][%cal Of3e5] A13: English Opening: 1...e6.} Bb7 8. O-O c5 9. d3 Rc8 10. Nc3 Ngf6 11. Bg5 Be7 {[%emt 0:01:35] [#]} 12. a4 $146 ({Predecessor:} 12. Rac1 O-O 13. Nd2 Bxg2 14. Kxg2 h6 15. Bxf6 Nxf6 16. Rfd1 Qd7 17. a4 Rb8 18. axb5 axb5 {½-½ (24) Vadasz,L (2400)-Gyimesi,Z (2390) Kecskemet 1993}) 12... c4 13. dxc4 Nc5 14. Qd1 Qxd1 15. Rfxd1 b4 16. Nb1 (16. Na2 $14) 16... Nb3 {[%emt 0:02:05] [#]} (16... Nfe4 $11 17. Bxe7 Kxe7) 17. Ra2 (17. Nd4 $1 $14 Bxg2 (17... Nxa1 18. Bxb7) 18. Nxb3) 17... Ne4 $1 $15 18. Be3 Bf6 (18... Bc5 $15) 19. Nfd2 Rd8 20. a5 Nexd2 21. Nxd2 Bxg2 22. Kxg2 O-O 23. Ra4 Be7 24. c5 $1 Nd4 25. Rc1 {[%emt 0:10:45] Against Nc2} (25. Rxb4 $18 Nc2 26. Rc4 Nxe3+ 27. fxe3) 25... Nc6 $16 (25... Nxe2 $2 26. Rc4 $18) 26. Nc4 h5 27. b3 g5 28. Bd2 Rd5 29. Bxb4 Rb8 30. Nb6 $1 (30. e4 Rd3 $14) 30... Rd4 (30... Nxb4 $2 31. c6 (31. Rxb4 Bxc5 32. Nxd5 Bxb4 $16) (31. Nxd5 exd5 32. c6 Rc8 $11) 31... Bd6 32. c7 (32. Nxd5 exd5 33. e4 Kf8 $14) 32... Bxc7 33. Nxd5 (33. Rxc7 Rb5 $16) (33. Rxb4 Bxb6 34. axb6 a5 $16) 33... Nxd5 34. e4) 31. Bc3 Rxa4 32. bxa4 ({Resist} 32. Nxa4 $6 Rxb3 33. Nb2 f6 $14) 32... Rd8 33. Nc4 Rd5 {[%emt 0:00:33] Inhibits Ne5.} 34. Bd2 $1 f5 35. Be3 e5 36. Nb6 Rd8 37. f4 exf4 38. gxf4 gxf4 39. Bxf4 Kf7 40. Nc4 Ke6 {[%emt 0:01:03] Inhibits Ne5.} 41. Bd6 Rg8+ 42. Kf2 {[%emt 0:00:00] aiming for Bxe7.} Bh4+ 43. Bg3 Be7 44. Bd6 {[%emt 0:00:00] Black must now prevent Bxe7.} Bh4+ 45. Kf1 Rg4 46. Rc3 Bf6 $1 47. Re3+ Kf7 48. Nb6 Bd4 49. Rg3 Nxa5 50. Kg2 Nb7 51. Nc4 Ke6 (51... Nxc5 $2 52. e3 $18) 52. h3 Rxg3+ 53. Kxg3 $11 {[%emt 0:00:12][%mdl 4096] Endgame KBN-KBN} Kd5 54. Nb6+ Kc6 55. Nc4 Nxc5 {[%emt 0:00:00] Hoping for ...Ne4+.} 56. Bf8 (56. Be5 $1 $11 Kd5 57. Bxd4 Kxd4 58. Nb6) 56... Nxa4 $17 57. Kf4 Kd5 58. Nd2 Nc3 59. e3 Bb6 {[%emt 0:00:11] And now ...a5 would win.} 60. Bg7 $2 (60. Kxf5 $17 {is more resistant.} Bxe3 61. Nb3) 60... Ne2+ $19 61. Kxf5 Bxe3 62. Nb3 {[%emt 0:00:30] [#]} (62. Nb1 $142 a5 63. h4) 62... Kc4 $2 (62... Nd4+ $1 $19 {is more deadly.} 63. Bxd4 Bxd4) 63. Ke4 (63. Na5+ $17 Kb5 64. Nb7) 63... Bg5 ({Not} 63... Kxb3 64. Kxe3 Ng3 65. Be5 Nf5+ 66. Kf4 $11) 64. Na5+ {[%emt 0:00:30] [#]} Kb5 $1 65. Nb3 a5 $2 ({Black should play} 65... Ng1 $19 66. Kd5 (66. Nd4+ $2 Kc4 $19) 66... Nxh3 67. Nd4+ Kb6) 66. Nxa5 $11 Kxa5 67. Kf5 Bd8 68. Be5 Kb5 {[%emt 0:02:26] Strongly threatening ...Kc4.} 69. h4 Kc6 {[%emt 0:00:32] Threatens to win with ...Kd5.} 70. Kg6 Kd5 71. Bb8 Ke6 72. Kxh5 Kf5 73. Kh6 Nd4 74. Kg7 Nc6 75. Bg3 Bf6+ 76. Kf7 {[%emt 0:00:13] The position is equal.} Nd8+ 77. Ke8 Ke6 78. h5 Nf7 79. Bf4 Be7 80. h6 Bf6 (80... Nh8 {is interesting.} 81. h7 Nf7 82. Bg3 Bf6) 81. Kf8 Nh8 {[%emt 0:00:00] ( -> ...Ng6+)} 82. Bc1 Kf5 83. Ke8 Ke6 84. Kf8 $1 Ng6+ 85. Kg8 Ke7 86. h7 Ke8 87. Ba3 Bd4 88. Bb4 Nh8 89. Bc3 Bxc3 {[%emt 0:00:18] What a bad dream for Black.  Weighted Error Value: White=0.28 (precise) /Black=0.11 (very precise)} 1/2-1/2

[Event "Charlotte GM-A May 2022"]
[Site "Charlotte"]
[Date "2022.05.07"]
[Round "6.5"]
[White "Williams, Justus"]
[Black "Sheng, Joshua"]
[Result "0-1"]
[ECO "A12"]
[WhiteElo "2417"]
[BlackElo "2487"]
[Annotator "TA"]
[PlyCount "80"]
[EventDate "2022.05.04"]
[EventType "tourn"]
[EventCountry "USA"]
[SourceTitle "playchess.com"]
[Source "ChessBase"]
[SourceQuality "1"]
[TimeControl "5400+30"]

1. Nf3 d5 2. e3 Nf6 3. c4 c6 4. b3 Bg4 5. h3 Bh5 6. cxd5 {[%emt 0:02:33] A12: English Opening: 1...c6 with b3 by White.} cxd5 {[%emt 0:02:59] [#]} 7. Bb5+ $146 ({Predecessor:} 7. Bb2 Nc6 8. Be2 Bxf3 9. Bxf3 e5 10. d3 Be7 11. O-O O-O 12. Nd2 Rc8 13. a3 {0-1 (47) Pribyl,J (2397)-Acs,P (2514) Pardubice 2001}) 7... Nbd7 8. Bb2 {The position is equal.} a6 9. Be2 e6 10. O-O Bd6 11. Nd4 Bxe2 12. Qxe2 O-O 13. d3 Qa5 14. a3 Rfc8 15. f4 Rc7 16. Nd2 Rac8 17. b4 Qb6 18. N2b3 Bf8 19. Rf2 Ne8 20. Raf1 Nd6 21. Qd1 Nb5 22. Qg4 Nc3 23. Ba1 Qd6 24. Na5 b6 25. Nab3 Nf6 $36 {[%emt 0:02:30][%mdl 2048] Black has the initiative.} 26. Qf3 Qd7 27. g4 Qa4 28. Bb2 a5 29. bxa5 bxa5 30. Rc1 Nb5 {[%emt 0:01:00] aiming for ...Nxd4. Black is more active.} ({Resist} 30... Bxa3 31. Ra1 Bxb2 32. Rxa4 Nxa4 33. Nb5 $18 (33. Nxa5 Bc3 $16)) 31. Rxc7 Rxc7 32. f5 (32. Rf1 $1 $15) 32... Nxd4 33. Nxd4 e5 34. g5 Ne8 35. Ne6 {[%emt 0:00:00] [#] This move loses the game for White.} e4 $1 $19 (35... fxe6 $2 36. fxe6 Nf6 37. gxf6 gxf6 38. Qxf6 Rg7+ 39. Kh2 $18) 36. Qf4 {[%emt 0:00:00] [#]} (36. Qg4 fxe6 37. fxe6) 36... Bd6 $1 ({Don't do} 36... fxe6 37. fxe6 Qd1+ 38. Kg2 $18) 37. Qh4 fxe6 38. g6 h6 39. fxe6 Qd1+ 40. Rf1 {[%emt 0:00:00] [#]} Bh2+ $1 {[%emt 0:00:00][%mdl 512] Weighted Error Value: White=0.58/Black=0.07 (flawless)} 0-1